 Dungeon Crawl Stone Soup version 0.26.1-11-gd32895ea62 (webtiles) character file.

Game seed: 15412738407710288200

18 jlumianski the Caller (level 2, 0/11 HPs)
             Began as a Felid Summoner on May 13, 2021.
             Slain by an adder (4 damage)
             ... on level 1 of the Dungeon.
             The game lasted 00:07:35 (1674 turns).

jlumianski the Caller (Felid Summoner)              Turns: 1674, Time: 00:07:35

Health: 0/11       AC:  1    Str:  4    XL:     2   Next: 51%
Magic:  6/6        EV: 18    Int: 16    God:
Gold:   79         SH:  0    Dex: 16    Spells: 2/5 levels left
                                        Lives:  0   Deaths: 0

rFire    . . .     SeeInvis +   (weapon unavailable)
rCold    . . .     Faith    .   (shield unavailable)
rNeg     . . .     Spirit   .   (armour unavailable)
rPois    .         Reflect  .   (helmet unavailable)
rElec    .         Harm     .   (cloak unavailable)
rCorr    .         Rampage  .   (gloves unavailable)
Will     .....                  (boots unavailable)
Stlth    +++.......             (no amulet)
HPRegen  0.03/turn              (no ring)
MPRegen  0.10/turn              (no ring)

@: lethally poisoned (0 -> -3), quick
A: very small, no armour, no weapons or thrown items, stealth, claws 1, fangs 3,
see invisible, speed 1, shaggy fur 1, sharp paws
a: no special abilities


You were on level 1 of the Dungeon.
You visited 1 branch of the dungeon, and saw 2 of its levels.

You collected 79 gold pieces.

Inventory:

Scrolls
 a - a scroll of magic mapping {unknown}
 c - a scroll of identify {unknown}
 d - a scroll of teleportation {unknown}
 e - a scroll of fog {unknown}
 g - a scroll of remove curse {unknown}
Potions
 b - a potion of curing {unknown}
 f - a potion of ambrosia {unknown}


   Skills:
 + Level 2.6 Dodging
 + Level 2.9 Stealth
 + Level 0.1 Unarmed Combat
 + Level 2.3 Spellcasting
 + Level 4.4 Summonings


You had 2 spell levels left.
You knew the following spells:

 Your Spells              Type           Power        Failure   Level
a - Summon Small Mammal   Summ           64%          3%          1
b - Call Imp              Summ           16%          4%          2

Your spell library contained the following spells:

 Spells                   Type           Power        Failure   Level
 Call Canine Familiar     Summ           16%          10%         3
 Summon Guardian Golem    Hex/Summ       8%           24%         3
 Summon Ice Beast         Ice/Summ       8%           63%         4
 Summon Lightning Spire   Summ/Air       8%           63%         4


Dungeon Overview and Level Annotations

Branches:
Dungeon (2/15)

Altars:


Innate Abilities, Weirdness & Mutations

You cannot wear armour.
You are incapable of wielding weapons or throwing items.
Your paws allow you to move quietly. (Stealth)
You have sharp claws.
You have razor-sharp teeth.
You have supernaturally acute eyesight. (SInv)
You cover ground quickly.
You are covered in fur. (AC +1)
Your sharp claws are effective at attacking unaware monsters.


Message History

Your white imp disappears in a puff of smoke!
HP restored.
Done exploring.
Done exploring.
(D) Dungeon
Where to? (Enter - D:2, ? - help)
What level of the Dungeon? (default 1, ? - help)
There is an open door here.
There is a stone staircase leading down here.
You climb downwards.
The adder bites you. The goblin barely misses you. The adder bites you.
You are poisoned.
The adder poisons you!
There is a stone staircase leading up, spattered with blood here.
You feel sick. The gnoll barely misses you.
The goblin hits you but does no damage. The adder completely misses you.
You climb upwards.
There is a stone staircase leading down here.
You feel sick. The goblin barely misses you. The adder bites you.
You die...

#.#.# #.# #.# #....... #.#.###.#
##'## #.#.#### #.#(.##.# ##...##
#.#.# # #.).....# ##.....##
##.#.## # ##(##.### ##.......##
##..#..# #
#(#...####.........####...##.###
#........+.........+............
#(#...####......S..####.........
##.##.## ##....@>.## ##.###.###
.(....# ##...g.## ###.....#
##.##.# ##...## #.###.# #.##.#
##'## #.# #.# #.##†#########.#
#.###.# #....†......##.#########
#...(.# ####.######.##.........#
##.#### #.# #.#...######.# #.#
#####.# #......#####.# #.#


You could see an adder and a goblin.

Vanquished Creatures
  2 bats
2 creatures vanquished.

Vanquished Creatures (collateral kills)
  A worm (D:1)
  A dart slug (D:2)
  2 goblins
  3 hobgoblins (D:1)
  7 jackals
  2 kobolds
  2 quokkas (D:2)
  2 bats
  A frilled lizard (D:1)
  A rat (D:1)
22 creatures vanquished.

Grand Total: 24 creatures vanquished

Notes
Turn   | Place    | Note
-------+----------+-------------------------------------------
     0 | D:1      | jlumianski the Felid Summoner began the quest for the Orb.
     0 | D:1      | Reached XP level 1. HP: 7/7 MP: 4/4
   966 | D:1      | Reached XP level 2. HP: 11/11 MP: 0/6
   969 | D:1      | Learned a level 2 spell: Call Imp
  1674 | D:1      | Slain by an adder

Illustrated notes

Levels and vault maps discovered:
D:1:      lightli_iron_boxes, layout_loops_corners
D:2:      minmay_angry_zag, layout_rooms

Action                   || total
-------------------------++-------
Melee: Unarmed           ||     6
 Cast: Summon Small Mamm ||    57
       Call Imp          ||     4
 Stab: Sleeping          ||     1
Armor: Skin              ||     3
Dodge: Dodged            ||    41
